 Dungeon Crawl Stone Soup version 0.23.2-1-ga50397a (webtiles) character file.

Game seed: 2926788451001814418

70171 Fang the Fighter (level 15, -6/101 HPs)
             Began as a Gargoyle Berserker on Apr 23, 2019.
             Was a High Priest of Trog.
             Mangled by an ettin
             ... wielding a +4 dire flail of venom
              (10 damage)
             ... on level 15 of the Dungeon.
             The game lasted 00:21:54 (18902 turns).

Fang the Fighter (Gargoyle Berserker)              Turns: 18902, Time: 00:21:55

Health: -6/101     AC: 33    Str: 32    XL:     15   Next: 32%
Magic:  24/24      EV: 14    Int: 14    God:    Trog [*****.]
Gold:   1392       SH:  0    Dex: 12    Spells: 14/14 levels left

rFire    . . .     SeeInvis .   G - +13 executioner's axe of the Past {flame, *Noise +Inv Str+4}
rCold    + . .     Gourm    +   (shield currently unavailable)
rNeg     + . .     Faith    .   b - +0 plate armour
rPois    ∞         Spirit   .   q - +2 hat {Int+3}
rElec    +         Reflect  .   d - scarf {repulsion}
rCorr    .         Harm     .   y - +2 pair of gloves {Dex+3}
MR       +++..                  (no boots)
Stlth    ..........             u - amulet of the gourmand
HPRegen  1.26/turn              J - ring of Asyssopn {MP+9 Int+4 Stlth-}
MPRegen  0.19/turn              K - ring of protection from cold

@: flying, regenerating, repel missiles
A: big wings, negative energy resistance 1, electricity resistance, unbreathing,
petrification resistance, rot immunity, AC +11
a: Stop Flying, Berserk, Trog's Hand, Brothers in Arms, Renounce Religion, Evoke
Invisibility


You were on level 15 of the Dungeon.
You worshipped Trog.
Trog was extremely pleased with you.
You were completely stuffed.

You visited 3 branches of the dungeon, and saw 21 of its levels.

You collected 1392 gold pieces.

Inventory:

Hand Weapons
 a - a +6 battleaxe of electrocution
 h - a +6 battleaxe of freezing
 A - a +1 broad axe of chopping
 F - a +1 antimagic executioner's axe
 G - the +13 executioner's axe of the Past (weapon) {flame, *Noise +Inv Str+4}
   (Trog gifted it to you on level 13 of the Dungeon)

   It has been specially enchanted to burn those struck by it, causing extra
   injury to most foes and up to half again as much damage against particularly
   susceptible opponents.
   Big, fiery blades are also staple armaments of hydra-hunters.
   It affects your strength (+4).
   It lets you turn invisible.
   It may make noises in combat.
Armour
 b - a +0 plate armour (worn)
 d - a scarf of repulsion (worn)
 q - a +2 hat of intelligence (worn)
 y - a +2 pair of gloves of dexterity (worn)
 B - the -1 pair of gloves "Linwec Lecu" {-Tele rF++ Slay+6}
   (You found it on level 5 of the Lair of Beasts)

   It affects your accuracy and damage with ranged weapons and melee attacks
   (+6).
   It greatly protects you from fire.
   It prevents most forms of teleportation.
 I - a +0 cloak of invisibility
Jewellery
 u - an amulet of the gourmand (around neck)
 z - an uncursed ring of positive energy {unknown}
 J - the ring of Asyssopn (left hand) {MP+9 Int+4 Stlth-}
   (You found it on level 13 of the Dungeon)

   [ring of attention]

   It affects your intelligence (+4).
   It affects your magic capacity (+9).
   It makes you less stealthy.
 K - a ring of protection from cold (right hand)
Wands
 n - a wand of acid (21)
 r - a wand of flame (51)
 v - a wand of digging (9)
 w - a wand of iceblast (25)
 x - a wand of clouds (6)
 C - a wand of disintegration (7)
 D - a wand of enslavement (8)
 H - a wand of polymorph (7)
Scrolls
 i - 8 scrolls of remove curse
 j - 3 scrolls of magic mapping
 k - 7 scrolls of identify
 s - 4 scrolls of fog
 t - 4 scrolls of teleportation
 E - a scroll of blinking
Potions
 e - 5 potions of magic
 f - a potion of agility
 l - a potion of haste
 m - 3 potions of resistance
 o - a potion of ambrosia
 p - 4 potions of curing
Comestibles
 c - 45 rations
 g - 5 chunks of flesh


   Skills:
 + Level 14.6 Fighting
 + Level 12.5 Axes
 + Level 14.4 Armour
 + Level 11.4 Dodging


You had 14 spell levels left.
You didn't know any spells.
Your spell library was empty.

Dungeon Overview and Level Annotations

Branches:
Dungeon (15/15)            Temple (1/1) D:4            Lair (6/6) D:9
  Swamp (0/4) Lair:2       Spider (0/4) Lair:4        Slime (0/5) Lair:6
    Orc (0/2) D:9          Vaults (0/5) D:13
 Depths: D:15

Altars:
Ashenzari
Elyvilon
Fedhas
Hepliaklqana
Makhleb
Nemelex Xobeh
Sif Muna
Trog
Uskayaw
Vehumet
Wu Jian
Xom
Zin
Jiyva

Annotations:
Lair:1 2 transporters, exclusion: oklob plant, Aldia's ghost, journeyman TrMo


Innate Abilities, Weirdness & Mutations

You are resistant to torment.
Your stone body is resilient. (AC +11)
You are immune to poison.
Your large and strong wings let you fly indefinitely.
You resist negative energy. (rN+)
You are resistant to electric shocks. (rElec)
You can survive without breathing.
You are immune to petrification.
You are immune to rotting.


Message History

You are too injured to fight recklessly!
You are too injured to fight recklessly!
You are too injured to fight recklessly!
You are too injured to fight recklessly!
You are too injured to fight recklessly!
You are too injured to fight recklessly!
You are too injured to fight recklessly!
Your skin crawls.
You feel resistant to hostile enchantments.
You feel somewhat less full. The ettin hits you but does no damage.
The ettin hits you with a +0 dire flail!
* * * LOW HITPOINT WARNING * * *
You feel better.
The two-headed ogre hits you with a cursed -1 giant club.
* * * LOW HITPOINT WARNING * * *
The two-headed ogre hits you but does no damage.
The ettin hits you with a +4 dire flail of venom!
* * * LOW HITPOINT WARNING * * *
The ettin hits you with a +0 dire flail!
You die...

#.# #.#.# #.# ..
.. .# #.# ####
... #.# #.. #..
#.# #.####.###
#.######.#⌠..#...
#......(.#.....#
#.####...#O..#
#.# ##.#@# #.#
#..)#C....# #.#
#.).#.##### #.#
#...#.# #.#
##..### #. #.##
#.# #.# #.#


You could see an ettin and a two-headed ogre.

Vanquished Creatures
  Rupert (D:13)
  Gastronok (Lair:1)
  Nessos (Lair:5)
  6 hydras
  Fannar (Lair:2)
  5 centaur warriors
  A catoblepas (Lair:6)
  A death knight (D:14)
  4 two-headed ogres
  7 death yaks (D:9)
  An ogre mage (D:15)
  A dancing weapon (D:14)
  Urug (Lair:1)
  2 cherubim (D:14)
  2 unseen horrors
  Pikel (D:4)
  2 orc knights
  7 ugly things
  An orc sorcerer (D:15)
  2 cyclopes (D:14)
  11 elephants
  A manticore (D:15)
  Maurice (D:13)
  2 black mambas
  4 spiny frogs
  A rime drake (Lair:2)
  3 komodo dragons
  An efreet (D:15)
  A freezing wraith (D:15)
  2 tengu conjurers (D:14)
  A troll (D:14)
  2 polar bears (Lair:6)
  7 hornets
  12 blink frogs
  4 slime creatures (D:14)
  Prince Ribbit (D:6)
  A bog body (Lair:2)
  8 hippogriffs
  Sigmund (D:4)
  2 vampires
  A shadow (D:15)
  A centaur simulacrum (D:15)
  3 redbacks (Lair:4)
  13 spriggans (Lair:6)
  A wraith (D:13)
  22 yaks
  2 basilisks
  A wyvern (D:13)
  Grum (D:8)
  A hungry ghost (D:13)
  16 humans (D:13)
  4 vampire mosquitoes (D:15)
  Menkaure (D:6)
  2 acid dragons
  11 water moccasins
  12 orc warriors
  4 porcupines
  3 sky beasts
  2 eyes of draining
  A necrophage (D:13)
  3 slaves (D:4)
  8 black bears
  22 wolves
  3 ice beasts
  3 ogres
  7 centaurs
  4 crocodiles
  3 boggarts (Lair:6)
  2 big kobolds
  Blork the orc (D:5)
  19 bullfrogs
  A gnoll sergeant (D:5)
  3 scorpions
  13 killer bees
  11 wights
  3 electric eels
  6 crimson imps
  3 centaur zombies
  3 bullfrog zombies
  A jelly (D:15)
  3 hounds
  Crazy Yiuf (D:4)
  5 orc priests
  3 centaur skeletons
  3 iguanas
  11 orc wizards
  10 worker ants
  A mummy (D:9)
  A hound skeleton (D:9)
  A howler monkey skeleton (D:7)
  3 gnolls (D:5)
  10 adders
  5 shadow imps
  12 white imps (Lair:6)
  An ooze (D:3)
  An adder zombie (D:9)
  An adder skeleton (D:7)
  2 worms (D:2)
  3 dart slugs
  6 leopard geckos
  55 orcs
  4 bats
  5 giant cockroaches
  11 goblins
  9 hobgoblins
  8 jackals
  17 kobolds
  3 quokkas
  2 ball pythons
  7 frilled lizards
  2 quokka skeletons
  5 rats
  7 fungi
  4 plants
557 creatures vanquished.

Vanquished Creatures (collateral kills)
  4 hydras
  A spriggan (Lair:6)
  A fungus (Lair:5)
6 creatures vanquished.

Vanquished Creatures (others)
  A phantom (D:4)
  7 fungi
8 creatures vanquished.

Grand Total: 571 creatures vanquished

Notes
Turn   | Place    | Note
-------+----------+-------------------------------------------
     0 | D:1      | Fang the Gargoyle Berserker began the quest for the Orb.
     0 | D:1      | Reached XP level 1. HP: 14/14 MP: 1/1
    76 | D:1      | Reached XP level 2. HP: 13/19 MP: 2/2
   301 | D:1      | You fall through a shaft!
   311 | D:2      | Reached XP level 3. HP: 13/23 MP: 3/3
   463 | D:2      | Reached ** piety under Trog
   629 | D:2      | Found a burning altar of Makhleb.
   629 | D:2      | Found a shimmering altar of Xom.
   908 | D:2      | Reached XP level 4. HP: 6/29 MP: 4/4
  1331 | D:2      | Found a deep blue altar of Sif Muna.
  1429 | D:2      | Found a bloodstained altar of Trog.
  1982 | D:3      | Found a sparkling altar of Nemelex Xobeh.
  2014 | D:3      | Found a hazy altar of Hepliaklqana.
  2084 | D:3      | Reached XP level 5. HP: 33/33 MP: 5/5
  2623 | D:4      | Noticed a rust devil
  2636 | D:4      | Noticed Pikel
  2636 | D:4      | Noticed a slave
  2636 | D:4      | Noticed a slave
  2638 | D:4      | Noticed a slave
  2639 | D:4      | Noticed a slave
  2645 | D:4      | Killed a slave
  2647 | D:4      | Killed a slave
  2651 | D:4      | Killed a slave
  2656 | D:4      | Noticed a phantom
  2657 | D:4      | Killed Pikel
  2657 | D:4      | Reached skill level 5 in Fighting
  2657 | D:4      | Reached XP level 6. HP: 21/40 MP: 6/6
  2657 | D:4      | Reached XP level 7. HP: 23/44 MP: 7/7
  2809 | D:4      | Found a staircase to the Ecumenical Temple.
  2831 | D:4      | Found a blossoming altar of Fedhas.
  2846 | Temple   | Entered the Ecumenical Temple
  2916 | D:4      | Found a runed translucent door.
  2917 | D:4      | Noticed Crazy Yiuf
  2951 | D:4      | Reached skill level 5 in Armour
  3087 | D:4      | Noticed Sigmund
  3098 | D:4      | Killed Sigmund
  3098 | D:4      | Reached XP level 8. HP: 51/51 MP: 8/8
  3099 | D:4      | Noticed an angel
  3124 | D:4      | Reached skill level 5 in Axes
  3412 | D:4      | Paralysed by Crazy Yiuf for 6 turns
  3420 | D:4      | Killed Crazy Yiuf
  3612 | D:5      | Entered Level 5 of the Dungeon
  3624 | D:5      | Noticed Blork the orc
  3635 | D:5      | Killed Blork the orc
  3805 | D:5      | Found a glowing silver altar of Zin.
  3846 | D:5      | Found an ornate altar of the Wu Jian Council.
  3846 | D:5      | Found a radiant altar of Vehumet.
  4087 | D:5      | Found a glowing silver altar of Zin.
  4111 | D:5      | Found a shattered altar of Ashenzari.
  4118 | D:5      | Reached *** piety under Trog
  4897 | D:6      | Reached XP level 9. HP: 54/56 MP: 9/9
  4950 | D:6      | Noticed Menkaure
  4958 | D:6      | Killed Menkaure
  4958 | D:6      | Reached skill level 5 in Dodging
  5542 | D:6      | Noticed Prince Ribbit
  5563 | D:6      | Killed Prince Ribbit
  6467 | D:8      | Noticed Grum
  6474 | D:8      | Reached XP level 10. HP: 54/64 MP: 10/10
  6488 | D:8      | Killed Grum
  6602 | D:8      | Found a sparkling altar of Nemelex Xobeh.
  6605 | D:8      | Found a white marble altar of Elyvilon.
  6775 | D:8      | Reached **** piety under Trog
  7400 | D:9      | Found a hide-covered altar of Uskayaw.
  7617 | D:9      | Noticed a two-headed ogre
  7626 | D:9      | Killed a two-headed ogre
  7767 | D:9      | Noticed a death yak
  7768 | D:9      | Noticed a death yak
  7772 | D:9      | Noticed a death yak
  7772 | D:9      | Noticed a death yak
  7772 | D:9      | Noticed a death yak
  7773 | D:9      | Killed a death yak
  7773 | D:9      | Reached XP level 11. HP: 68/72 MP: 11/11
  7773 | D:9      | Noticed a death yak
  7773 | D:9      | Noticed a death yak
  7777 | D:9      | Killed a death yak
  7778 | D:9      | Found a staircase to the Lair.
  7781 | D:9      | Killed a death yak
  7781 | D:9      | Reached skill level 10 in Fighting
  7783 | D:9      | Killed a death yak
  7783 | D:9      | Killed a death yak
  7784 | D:9      | Killed a death yak
  7784 | D:9      | Reached skill level 10 in Armour
  7786 | D:9      | Killed a death yak
  8135 | D:9      | Reached ***** piety under Trog
  8288 | D:9      | Found a staircase to the Orcish Mines.
  8610 | D:10     | Entered Level 10 of the Dungeon
  9763 | Lair:1   | Entered Level 1 of the Lair of Beasts
  9796 | Lair:1   | Found a dark tunnel.
  9825 | Lair:1   | Reached XP level 12. HP: 79/79 MP: 12/12
  9832 | Lair:1   | Noticed Gastronok
  9850 | Lair:1   | Killed Gastronok
  9968 | Lair:1   | Noticed Aldia's ghost (journeyman TrMo)
  9970 | Lair:1   | Found a transporter.
  9972 | Lair:1   | Found a transporter.
 10004 | Lair:1   | Noticed Urug
 10015 | Lair:1   | Killed Urug
 10354 | Lair:1   | Noticed a five-headed hydra
 10360 | Lair:1   | Killed a five-headed hydra
 10524 | Lair:2   | Noticed a five-headed hydra
 10531 | Lair:2   | Killed a six-headed hydra
 10531 | Lair:2   | Received a gift from Trog
 10555 | Lair:2   | Noticed a seven-headed hydra
 10561 | Lair:2   | Killed a nine-headed hydra
 10654 | Lair:2   | Reached skill level 10 in Axes
 11020 | Lair:2   | Noticed Fannar
 11021 | Lair:2   | Noticed a four-headed hydra
 11032 | Lair:2   | Killed a 12-headed hydra
 11037 | Lair:2   | Killed Fannar
 11037 | Lair:2   | Reached XP level 13. HP: 67/86 MP: 13/13
 11196 | Lair:2   | Found a staircase to the Swamp.
 11697 | Lair:3   | You fall through a shaft!
 12427 | Lair:4   | Found a hole to the Spider Nest.
 12679 | Lair:5   | Noticed Nessos
 12708 | Lair:5   | Killed Nessos
 12796 | Lair:5   | Received a gift from Trog
 13416 | Lair:5   | Got a pair of encrusted gloves
 13427 | Lair:5   | Identified the cursed -1 pair of gloves "Linwec Lecu"
                  | {-Tele rF++ Slay+6} (You found it on level 5 of the Lair of
                  | Beasts)
 13502 | Lair:5   | Reached skill level 10 in Dodging
 13629 | Lair:6   | Entered Level 6 of the Lair of Beasts
 14140 | Lair:6   | Found a frozen archway.
 14161 | Lair:6   | Found a staircase to the Slime Pits.
 14161 | Lair:6   | Found a viscous altar of Jiyva.
 14252 | Lair:6   | Gained mutation: Your large and strong wings let you fly
                  | indefinitely. [Gargoyle growth]
 14252 | Lair:6   | Reached XP level 14. HP: 74/94 MP: 14/14
 14551 | Lair:6   | Received a gift from Trog
 15790 | D:11     | You are sucked into a shaft for 2 floors!
 15838 | D:13     | Noticed Maurice
 15964 | D:13     | Killed Maurice
 16157 | D:13     | Noticed Rupert
 16170 | D:13     | Killed Rupert
 16185 | D:13     | Found a gate to the Vaults.
 16671 | D:13     | Received a gift from Trog
 16675 | D:13     | Got a polished executioner's axe {god gift}
 16676 | D:13     | Identified the +13 executioner's axe of the Past {flame,
                  | *Noise +Inv Str+4} (Trog gifted it to you on level 13 of
                  | the Dungeon)
 16742 | D:13     | Got a translucent amber ring
 16833 | D:13     | Identified the ring of Asyssopn {MP+9 Int+4 Stlth-} (You
                  | found it on level 13 of the Dungeon)
 17774 | D:14     | Reached XP level 15. HP: 74/100 MP: 15/15
 18172 | D:15     | Entered Level 15 of the Dungeon
 18902 | D:15     | HP: 4/101 [ettin/+4 dire flail of venom (7)]
 18902 | D:15     | Mangled by an ettin

Skill      XL: |  1  2  3  4  5  6  7  8  9 10 11 12 13 14 |
---------------+-------------------------------------------+-----
Axes           | 3 4 5 6 8 9 10 11 12 | 12.5
Dodging        | 2 3 4 5 7 8 9 10 11 | 11.4
Armour         | 3 4 5 6 7 9 10 11 12 14 | 14.4
Fighting       | 4 5 6 8 9 10 12 13 14 | 14.6

Action                   |  1- 3 |  4- 6 |  7- 9 | 10-12 | 13-15 || total
-------------------------+-------+-------+-------+-------+-------++-------
Melee: Hand axe          |   117 |    39 |       |       |       ||   156
       War axe           |       |   117 |   330 |       |       ||   447
       Battleaxe         |       |       |    68 |   417 |   470 ||   955
       Executioner's axe |       |       |       |       |   159 ||   159
       Unarmed           |       |       |       |       |    11 ||    11
Invok: Berserk           |     1 |     1 |     4 |     8 |     4 ||    18
       Trog's Hand       |       |       |       |     4 |     3 ||     7
       Brothers in Arms  |       |       |       |     2 |     1 ||     3
 Abil: Fly               |       |       |       |       |     1 ||     1
Evoke: Wand              |       |       |     2 |       |       ||     2
  Use: Scroll            |     2 |     9 |     3 |    11 |     3 ||    28
       Potion            |       |       |       |       |     1 ||     1
 Stab: Distracted        |       |       |     1 |       |       ||     1
       Petrified         |       |       |       |       |     3 ||     3
       Petrifying        |       |       |       |       |     1 ||     1
  Eat: Chunk             |       |     7 |    17 |    33 |    37 ||    94
       Ration            |       |       |       |     1 |       ||     1
Armor: Animal skin       |    35 |       |       |       |       ||    35
       Plate armour      |       |   132 |   365 |   410 |   673 ||  1580
Dodge: Dodged            |    68 |    72 |   186 |   283 |   559 ||  1168
       Deflected         |       |       |       |       |    21 ||    21
